Map: Void Launch

Players

BunnyLove

  • Race: Terran Terran

kodishkhan

  • Race: Terran Terran
  • Spawn Location: 6:00

VOD

Have the link to the VOD?

Description

Time

  • Played on: March 22, 2018, 3:24 p.m.
  • Length: 24:50
Show
View Real Time Build Order
Export as new Build Order

BunnyLove Terran 

Build Orders:  

Get SALT Encoding   

  12  0:05  Starport Tech Lab  
  12  0:09  SCV  
  13  0:25  Supply Depot, SCV  
  15  0:42  SCV  
  16  1:00  SCV  
  16  1:17  SCV  
  17  1:31  Command Center  
  17  1:38  SCV  
  18  1:55  SCV  
  19  2:02  Assault Galleon  
  20  2:12  SCV  
  20  2:21  Refinery  
  20  2:25  Refinery  
  20  2:29  SCV  
  21  2:42  Engineering Bay  
  21  2:46  SCV  
  23  3:03  SCV  
  23  3:05  Reaper  
  25  3:20  Reaper, SCV  
  27  3:30  Reaper, SCV  
  27  3:37  SCV  
  29  3:45  Reaper  
  29  3:47  SCV  
  32  3:54  Supply Depot, SCV  
  33  4:11  SCV  
  33  4:12  Command Center  
  33  4:18  SCV  
  34  4:24  Assault Galleon  
  34  4:28  SCV  
  35  4:33  Jetpack Overdrive  
  35  4:35  SCV  
  36  4:45  SCV  
  38  4:52  SCV  
  39  5:02  SCV  
  39  5:04  Assault Galleon  
  39  5:09  SCV  
  40  5:14  Reaper  
  40  5:16  Theia Raven  
  40  5:19  SCV  
  44  5:24  Reaper  
  44  5:26  SCV  
  46  5:35  Refinery, SCV, LE9 Cluster Charges  
  46  5:37  Refinery  
  48  5:43  SCV  
  49  5:52  SCV  
  49  5:53  Supply Depot  
  50  6:00  SCV  
  50  6:09  SCV  
  51  6:14  Assault Galleon  
  51  6:17  SCV  
  53  6:20  Reaper  
  53  6:22  Reaper  
  53  6:25  Assault Galleon  
  53  6:26  SCV  
  56  6:34  SCV  
  56  6:36  Reaper  
  56  6:38  Reaper  
  59  6:43  Reaper, SCV  
  59  6:48  Reaper  
  62  6:51  SCV  
  62  7:06  Reaper  
  62  7:07  Reaper x2  
  65  7:16  Reaper  
  65  7:18  Supply Depot, SCV x2  
  68  7:20  Reaper  
  68  7:21  Reaper x2  
  68  7:28  Reaper x2  
  73  7:30  Reaper x2  
  73  7:33  Supply Depot  
  76  7:41  Reaper x2  
  76  7:43  SCV  
  78  7:50  Armory  
  78  7:52  Reaper x3  
  78  7:53  Reaper x2  
  81  8:02  Theia Raven, Reaper  
  84  8:16  Reaper x3  
  84  8:17  Reaper x2  
  88  8:26  Reaper x3  
  88  8:27  Reaper, Supply Depot  
  88  8:29  Reaper  
  93  8:39  Reaper x3  
  96  8:40  Reaper  
  96  8:41  Reaper  
  96  8:49  Reaper x3  
  100  9:02  Reaper x3  
  100  9:05  Reaper  
  100  9:09  Reaper  
  103  9:11  Reaper  
  103  9:13  Reaper x2  
  103  9:17  Reaper  
  103  9:19  Reaper  
  107  9:21  Reaper  
  107  9:24  Multi-Threaded Sensors  
  107  9:29  Reaper, Supply Depot  
  109  9:33  Reaper  
  110  9:41  Reaper x3  
  110  9:43  Reaper x2  
  115  9:52  Reaper  
  115  9:57  Reaper  
  115  9:58  Reaper x3  
  119  10:02  Reaper  
  119  10:07  Reaper  
  119  10:08  Reaper  
  119  10:11  Horner Weapons Level 1  
  117  10:21  Reaper x4  
  117  10:22  Reaper  
  116  10:31  Reaper x4  
  116  10:32  Reaper  
  121  10:41  Reaper x2  
  121  10:42  Supply Depot  
  121  10:43  Reaper x2  
  125  10:55  Reaper x3  
  125  10:59  Reaper  
  127  11:00  Reaper  
  127  11:05  Reaper  
  109  11:12  Reaper x3  
  109  11:13  Reaper  
  109  11:15  Reaper  
  102  11:22  Reaper x3  
  102  11:23  Reaper  
  102  11:25  Reaper  
  106  11:32  Reaper x3  
  106  11:33  Reaper  
  106  11:35  Reaper  
  108  11:42  Reaper x4  
  108  11:45  Reaper, Supply Depot  
  113  11:52  Reaper x4  
  113  11:55  Reaper  
  117  12:02  Reaper x4  
  117  12:04  Reaper  
  114  12:12  Reaper x4  
  114  12:14  Reaper  
  109  12:22  Reaper x4  
  109  12:24  Reaper  
  111  12:32  Reaper x4  
  111  12:33  Theia Raven  
  111  12:34  Reaper  
  115  12:41  Reaper  
  115  12:42  Reaper x3  
  115  12:44  Reaper  
  120  12:51  Reaper  
  120  12:52  Reaper x3  
  120  12:54  Reaper  
  123  13:01  Reaper  
  123  13:02  Reaper x3  
  123  13:04  Reaper  
  128  13:11  Reaper  
  128  13:12  Reaper x3  
  128  13:14  Reaper  
  133  13:24  Reaper x2  
  133  13:29  Reaper x2  
  138  13:30  Reaper  
  138  13:34  Reaper  
  138  13:35  Reaper  
  138  13:39  Reaper x2  
  142  13:41  Reaper  
  142  13:44  Reaper  
  142  13:49  Reaper  
  146  13:56  Reaper  
  146  13:58  Reaper  
  146  13:59  Reaper  
  148  14:00  Reaper  
  148  14:06  Theia Raven, Reaper  
  148  14:08  Reaper  
  148  14:09  Reaper  
  153  14:12  Reaper  
  153  14:15  Reaper  
  153  14:16  Reaper  
  153  14:19  Reaper x2  
  154  14:22  Reaper  
  154  14:25  Reaper  
  154  14:26  Reaper  
  154  14:29  Reaper x2  
  159  14:34  Reaper  
  159  14:35  Reaper  
  160  14:40  Reaper x2  
  160  14:46  Reaper x2  
  160  14:48  Reaper  
  164  14:50  Reaper x2  
  164  14:56  Reaper x2  
  164  14:58  Reaper  
  167  15:00  Reaper x2  
  167  15:06  Reaper x2, Supply Depot  
  167  15:09  Reaper  
  162  15:22  Reaper  
  162  15:23  Reaper  
  162  15:25  Reaper  
  162  15:26  Reaper x2  
  162  15:28  Theia Raven  
  168  15:32  Reaper  
  168  15:33  Reaper  
  168  15:35  Reaper x2  
  168  15:36  Reaper  
  171  15:42  Reaper  
  171  15:43  Reaper  
  171  15:46  Reaper x2  
  172  15:50  Reaper  
  172  15:52  Reaper  
  172  15:53  Reaper  
  172  15:56  Reaper x2  
  150  16:00  Reaper  
  150  16:02  Reaper x2  
  150  16:03  Horner Weapons Level 2  
  150  16:06  Reaper x2  
  140  16:10  Reaper  
  140  16:12  Reaper x2  
  140  16:16  Reaper x2  
  144  16:20  Reaper  
  144  16:22  Reaper x2  
  144  16:26  Reaper x2  
  148  16:30  Reaper  
  148  16:32  Reaper x2  
  148  16:36  Reaper x2  
  153  16:40  Reaper  
  153  16:42  Reaper x2  
  153  16:46  Reaper x2  
  158  16:50  Reaper  
  158  16:53  Reaper  
  160  17:05  Reaper x2  
  160  17:08  Reaper x2  
  160  17:09  Reaper  
  159  17:15  Reaper x2  
  159  17:19  Reaper  
  159  17:20  Reaper x2  
  159  17:25  Reaper x2  
  159  17:29  Reaper  
  161  17:30  Reaper x2  
  161  17:35  Reaper  
  161  17:36  Reaper  
  161  17:39  Reaper  
  167  17:40  Reaper x2  
  167  17:45  Reaper  
  169  18:08  Reaper x2  
  169  18:09  Reaper  
  172  18:10  Reaper x2  
  172  18:18  Reaper  
  172  18:19  Reaper  
  175  18:20  Reaper x2  
  175  18:28  Reaper  
  175  18:29  Reaper  
  178  18:30  Reaper x2  
  178  18:38  Reaper x2  
  182  18:40  Reaper  
  182  18:44  Supply Depot  
  182  18:48  Reaper x2  
  184  18:51  Assault Galleon  
  184  19:00  Reaper x2  
  186  19:12  W.I.L.D. Missiles  
  178  19:48  Reaper x2  
  178  19:50  Deimos Viking, Horner Weapons Level 3  
  178  19:57  Reaper  
  178  19:58  Reaper x2  
  190  20:00  Reaper x2  
  190  20:07  Reaper  
  192  20:15  Trigger Override  
  192  20:27  Deimos Viking  
  198  21:03  Reaper x2  
  198  21:04  Reaper  
  200  21:18  Tactical Jump  
  192  22:34  Deimos Viking  
  196  23:37  Reaper x2  
  197  23:48  Reaper  
  197  23:49  Reaper x2  
  195  23:50  Reaper  
  195  23:58  Reaper  
  195  23:59  Reaper  
  198  24:00  Reaper  
  198  24:08  Reaper  
  198  24:09  Reaper  
  198  24:10  Reaper  
  198  24:18  Reaper  
  198  24:19  Reaper  
  200  24:20  Reaper  
Show
View Real Time Build Order
Export as new Build Order

kodishkhan Terran 

Build Orders:  

Get SALT Encoding   

Tags
 
Commander
HornerRaynor
Matchup
Co-op
Replay Pack
Co-op Speedrun
Add a new tag
Caveats
  • Supply blocks, unpowered buildings, or Contaminate may cause inaccurate times.
  • Supply counts are checked every 10 seconds.